 Dungeon Crawl Stone Soup version 0.21-a0-216-g6d3fd91 (webtiles) character file.

749 Gimar the Destroyer (level 7, 0/50 HPs)
             Began as a White Draconian Conjurer on Aug 23, 2017.
             Was a Follower of Sif Muna.
             Slain by a sky beast (6 damage)
             ... on level 7 of the Dungeon on Feb 12, 2019.
             The game lasted 00:15:23 (7179 turns).

Gimar the Destroyer (White Draconian Conjurer)      Turns: 7179, Time: 00:15:24

Health: 0/50       AC:  7    Str: 10    XL:     7   Next: 48%
Magic:  3/13       EV: 12    Int: 18    God:    Sif Muna [*.....]
Gold:   298        SH:  5    Dex: 11    Spells: 7/15 levels left

rFire    . . .     SeeInvis .   (no weapon)
rCold    + . .     Gourm    .   (no shield)
rNeg     . . .     Faith    .   (armour unavailable)
rPois    .         Spirit   .   (helmet restricted)
rElec    .         Reflect  +   (no cloak)
rCorr    .         Harm     .   s - +0 pair of gloves
MR       .....                  (no boots)
Stlth    ++........             o - +5 amulet of reflection
HPRegen  0.16/turn              (no ring)
MPRegen  0.13/turn              (no ring)

@: no status effects
A: breathe frost, unfitting armour, cold resistance 1, cold-blooded, AC +6
a: Breathe Frost, Divine Energy, Renounce Religion


You were on level 7 of the Dungeon.
You worshipped Sif Muna.
Sif Muna was aware of your devotion.
You were very hungry.

You visited 2 branches of the dungeon, and saw 9 of its levels.

You collected 298 gold pieces.

Inventory:

Armour
 s - a +0 pair of gloves (worn)
 w - a +0 cloak
Jewellery
 o - a +5 amulet of reflection (around neck)
Scrolls
 c - 8 scrolls of identify {unknown}
 g - 3 scrolls of teleportation {unknown}
 j - a scroll of immolation {unknown}
 l - 2 scrolls of magic mapping {unknown}
 n - 3 scrolls of remove curse {unknown}
 p - a scroll of enchant weapon {unknown}
 q - a scroll of fear {unknown}
 r - a scroll of noise {unknown}
Potions
 e - a potion of berserk rage
 f - a potion of curing {unknown}
 h - 2 potions of heal wounds {unknown}
 i - 2 potions of haste {unknown}
 k - a potion of ambrosia {unknown}
 m - a potion of degeneration {unknown}
 u - a potion of invisibility {unknown}
Books
 a - a book of Conjurations

   Spells                             Type                      Level
   a - Magic Dart                     Conjuration                  1
   b - Searing Ray                    Conjuration                  2
   c - Dazzling Spray                 Conjuration/Hexes            3
   d - Fulminant Prism                Conjuration/Hexes            4
   e - Force Lance                    Conjuration/Translocation    4
   f - Iskenderun's Mystic Blast      Conjuration                  4
Comestibles
 b - 2 bread rations
 d - a meat ration
 t - 2 royal jellies
 v - 2 fruits


   Skills:
 - Level 1.7 Dodging
 - Level 1.7 Stealth
 + Level 4.5 Spellcasting
 * Level 8.1 Conjurations


You had 7 spell levels left.
You knew the following spells:

 Your Spells              Type           Power        Failure   Level  Hunger
a - Magic Dart            Conj           ####         1%          1    None
b - Dazzling Spray        Conj/Hex       ###...       8%          3    ###....
c - Iskenderun's Mystic   Conj           ####....     4%          4    ####...


Dungeon Overview and Level Annotations

Branches:
Dungeon (8/15)             Temple (1/1) D:5
   Lair: D:8-11

Altars:
Ashenzari
Cheibriados
Elyvilon
Fedhas
Gozag
Hepliaklqana
Kikubaaqudgha
Makhleb
Nemelex Xobeh
Okawaru
Qazlal
Ru
Sif Muna
Vehumet
Wu Jian
Xom
Yredelemnul
Zin
The Shining One

Annotations:
D:4 Eustachio
D:6 HitlerSphincter's ghost, novice OpAs


Innate Abilities, Weirdness & Mutations

You can breathe waves of freezing cold.
You can buffet flying creatures when you breathe cold.
Your icy white scales are hard. (AC +6)
You cannot fit into any form of body armour.
Your flesh is cold resistant. (rC+)
You are cold-blooded and may be slowed by cold attacks.


Message History

You completely miss the sky beast.
Your tail-slap misses the sky beast.
The sky beast is severely wounded.
The sky beast flickers out of sight!
Deactivating autopickup; reactivate with Ctrl-A.
Something hits you. Something shocks you.
You miss something. Something hits you but does no damage.
You miss something. Something hits you. Something shocks you.
You miss something. You tail-slap something.
Something hits you but does no damage.
You miss something. Something hits you. Something shocks you.
You closely miss something. Something hits you but does no damage.
You closely miss something. Something hits you but does no damage.
You miss something. Something hits you but does no damage.
You miss something. Something hits you but does no damage.
You closely miss something. Something hits you. Something shocks you.
* * * LOW HITPOINT WARNING * * *
You barely miss something. Something hits you.
* * * LOW HITPOINT WARNING * * *
Something shocks you.
You die...

#....##
##...#
#...## ##..#
#+###..##
#...
#..#..## #r.
#..#.##
#....# #
#....## .#
#..#..###..#
#####.@...#
##{##.....
#Z.......
####.....
.(.. ... ..
.


You could see a centaur skeleton.

Vanquished Creatures
  A phantom (D:5)
  An ogre (D:5)
  A bullfrog (D:7)
  A scorpion (D:4)
  A crimson imp (D:6)
  A centaur zombie (D:5)
  A centaur skeleton (D:6)
  An iguana (D:4)
  An orc wizard (D:5)
  2 worker ants (D:5)
  A worker ant zombie (D:6)
  3 gnolls (D:5)
  10 adders
  2 shadow imps
  An ooze (D:2)
  4 dart slugs
  5 leopard geckos
  14 orcs
  8 bats
  5 giant cockroaches
  11 goblins
  9 hobgoblins
  3 quokkas
  2 ball pythons
  3 frilled lizards
  2 kobolds
  A leopard gecko zombie (D:5)
  7 rats
102 creatures vanquished.

Notes
Turn   | Place    | Note
-------+----------+-------------------------------------------
     0 | D:1      | Gimar the Draconian Conjurer began the quest for the Orb.
     0 | D:1      | Reached XP level 1. HP: 14/14 MP: 3/3
   484 | D:1      | Reached XP level 2. HP: 20/20 MP: 1/5
  1250 | D:1      | Reached XP level 3. HP: 26/26 MP: 3/6
  1571 | D:1      | Learned a level 3 spell: Dazzling Spray
  2149 | D:2      | Reached skill level 5 in Conjurations
  2192 | D:2      | Reached XP level 4. HP: 26/33 MP: 0/8
  3089 | D:2      | Found a shimmering altar of Xom.
  3092 | D:2      | Found a deep blue altar of Sif Muna.
  3096 | D:2      | Found an ornate altar of the Wu Jian Council.
  3108 | D:2      | Became a worshipper of Sif Muna the Loreminder
  3569 | D:3      | Learned a level 4 spell: Iskenderun's Mystic Blast
  3947 | D:3      | Reached XP level 5. HP: 38/38 MP: 6/9
  4642 | D:4      | Reached skill level 6 in Conjurations
  4689 | D:5      | Entered Level 5 of the Dungeon
  4986 | D:5      | Noticed a phantom
  5031 | D:5      | Reached XP level 6. HP: 37/45 MP: 1/11
  5230 | D:5      | Found a staircase to the Ecumenical Temple.
  5248 | D:5      | HP: 1/45 [something (12)]
  5473 | D:5      | Reached * piety under Sif Muna
  5473 | D:5      | Reached skill level 7 in Conjurations
  5522 | Temple   | Entered the Ecumenical Temple
  6247 | D:4      | Noticed Eustachio
  6410 | D:5      | Your scales start taking on an icy white colour.
  6410 | D:5      | Reached XP level 7. HP: 42/50 MP: 6/13
  6410 | D:5      | Gained mutation: Your flesh is cold resistant. (rC+) [White Draconian growth]
  6862 | D:6      | Found an opulent altar of Gozag.
  7045 | D:6      | Noticed HitlerSphincter's ghost (novice OpAs)
  7084 | D:7      | Reached skill level 8 in Conjurations
  7179 | D:7      | Slain by a sky beast

Vault maps used:
D:1:      eino_arrival_water_cross, st_stairs_11, kennysheep_boxes
D:2:      grunt_temple_overflow_diamond, first_bread, kennysheep_path_1,
          fountainhead
D:3:      nrook_mini_backslash, kennysheep_generic_room_13
D:4:      uniq_duvessa, uniq_eustachio
D:5:      minmay_opposing_rooms, minmay_temple_entry_statues_pillars
D:6:      grunt_gozag_statues, uniq_sigmund, uniq_edmund, uniq_grinder,
          uniq_pikel
D:7:      kennysheep_seaside_town, basic_altar, nemelex_spade_bored_becter
D:8:      erik_lair_island
Temple:   nicolae_temple_elliptical

Skill      XL: |  1  2  3  4  5  6  7 |
---------------+----------------------+-----
Conjurations   | 5 6 7 8 |  8.1
Spellcasting   | 3 4 |  4.5
Dodging        | |  1.7
Stealth        | |  1.7

Action                   |  1- 3 |  4- 6 |  7- 9 || total
-------------------------+-------+-------+-------++-------
Melee: Unarmed           |    48 |    65 |    74 ||   187
       Tailslap          |     6 |     4 |     7 ||    17
 Cast: Magic Dart        |    56 |   147 |    57 ||   260
       Iskenderun's Myst |       |    13 |     3 ||    16
       Dazzling Spray    |       |     2 |     1 ||     3
 Abil: Breathe Frost     |       |       |     1 ||     1
  Use: Potion            |     1 |     1 |       ||     2
  Eat: Chunk             |     4 |     7 |     3 ||    14
       Bread ration      |       |     2 |       ||     2
Armor: Skin              |    23 |    46 |    44 ||   113
Dodge: Dodged            |    57 |   132 |    50 ||   239
Block: Other             |       |    53 |    24 ||    77
       Reflection        |       |     1 |       ||     1

Table legend:
 A = Spawn XP
 B = Non-spawn XP
 C = Spawn XP percentage of total XP
 D = Spawn monster count
 E = Non-spawn monster count
 F = Spawn count percentage of total count
 G = Total turns spent on level
                    A         B        C        D         E        F      G
               +---------+---------+-------+---------+---------+-------+---------
         Total |      91 |     979 |   8.5 |      16 |      86 |  15.7 |  7179
               +---------+---------+-------+---------+---------+-------+---------
           D:1 |      13 |      38 |  25.5 |       6 |      21 |  22.2 |  2093
           D:2 |       1 |     132 |   0.8 |       1 |      24 |   4.0 |  1259
           D:3 |       5 |      14 |  26.3 |       2 |       8 |  20.0 |   953
           D:4 |      12 |     149 |   7.5 |       4 |      13 |  23.5 |  1007
           D:5 |      60 |     432 |  12.2 |       3 |      15 |  16.7 |  1149
           D:6 |       0 |     121 |   0.0 |       0 |       4 |   0.0 |   280
           D:7 |       0 |      93 |   0.0 |       0 |       1 |   0.0 |    72
               +---------+---------+-------+---------+---------+-------+---------
